Cogmind - Beta 16 @@@ ROGUE MODE // 2025.11.02 @ 11:50:52 Player: rt Result: Self-destructed Performance ------------- Evolutions (1) 500 Regions Visited (3) 600 Robots Destroyed (17) 85 Value Destroyed (272) 272 Prototype IDs (0) 0 Alien Tech Used (0) 0 Bonus (0) 0 TOTAL SCORE: 1457 Bonus ------- None Cogmind --------- Core Integrity 72/400 Matter 4/400 Energy 275/275 System Corruption 8% Temperature Cool (12) Movement Treading (240) Ox1 Location -9/Mines Parts ------- > --- POWER (1) -------- Deuterium Engine > --- PROPULSION (2) --- Light Treads > --- UTILITY (4) ------ Small Storage Unit Medium Matter Pod Advanced Targeting Computer Improved Propulsion Shielding > --- WEAPON (2) ------- Flak Cannon > --- INVENTORY (8) ---- Reinforced Ion Engine Aluminum Leg Thermal Generator High-capacity Battery (250) EM Pulse Gun Ion Cannon Assault Rifle Heavy Assault Rifle Peak State ------------ > --- POWER ------------ Deuterium Engine > --- PROPULSION ------- Aluminum Leg Aluminum Leg > --- UTILITY ---------- Small Storage Unit Improved Terrain Scanner Advanced Targeting Computer Improved Propulsion Shielding > --- WEAPON ----------- Heavy Assault Rifle Grenade Launcher > --- INVENTORY -------- Reinforced Ion Engine Light Treads Thermal Generator High-capacity Battery EM Pulse Gun Ion Cannon Assault Rifle Flak Cannon [Rating: 19] Favorites ----------- Power Ion Engine Engine Ion Engine Propulsion Aluminum Leg Treads Light Treads Leg Aluminum Leg Wheel Wheel Utility Small Storage Unit Device Improved Terrain Scanner Storage Small Storage Unit Processor Advanced Targeting Computer Protection Improved Propulsion Shielding Weapon EM Pulse Gun Energy Gun EM Pulse Gun Ballistic Gun Heavy Assault Rifle Ballistic Cannon Flak Cannon Launcher Grenade Launcher Build | -11 -10 -9 -9 ------- Run | Yrd Mat Mat Min Slots Evolved 2 | . . 2 . Power . | . . . . Propulsion . | . . . . Utility 2 | . . 2 . Weapon . | . . . . Parts Attached 21 | 7 . 11 3 Power 3 | 1 . 2 . Engine 3 | 1 . 2 . Core . | . . . . Reactor . | . . . . Propulsion 6 | 2 . 2 2 Treads 1 | . . . 1 Leg 4 | 2 . 2 . Wheel 1 | . . . 1 Hover . | . . . . Flight . | . . . . Utility 7 | 2 . 5 . Device 1 | 1 . . . Storage 4 | 1 . 3 . Processor 1 | . . 1 . Hackware . | . . . . Protection 1 | . . 1 . Artifact . | . . . . Weapon 5 | 2 . 2 1 Energy Gun 1 | 1 . . . Energy Cannon . | . . . . Ballistic Gun 2 | 1 . 1 . Ballistic Cannon 1 | . . . 1 Launcher 1 | . . 1 . Special Weapon . | . . . . Impact Weapon . | . . . . Slashing Weapon . | . . . . Piercing Weapon . | . . . . Special Melee Weapon . | . . . . Unidentified Prototypes . | . . . . Parts Lost 6 | . . 4 2 Power . | . . . . Propulsion 3 | . . 2 1 Utility 1 | . . 1 . Weapon 2 | . . 1 1 Highest Loss Streak 2 | . . 2 1 To Critical Strikes . | . . . . Average Backups 6 | 2 5 6 8 Power . | . 1 1 1 Propulsion . | . 1 1 1 Utility 1 | . 1 . 2 Weapon 2 | . 1 3 4 Tool/Special . | . . . . Unused Backups 4 | . . 1 3 Power 1 | . . 1 . Propulsion . | . . . . Utility 1 | . . . 1 Weapon 2 | . . . 2 Tool/Special . | . . . . Average Slot Usage (%) 92 | . 98 89 89 Engine 12 | . 14 11 11 Treads 1 | . . . 5 Leg 18 | . 28 17 6 Device 8 | . 12 10 . Storage 20 | . 14 25 22 Processor 3 | . . 1 11 Protection 3 | . . 1 11 Energy Gun 7 | . 14 6 . Ballistic Gun 11 | . 14 11 10 Ballistic Cannon 2 | . . . 11 Launcher 1 | . . 3 . Peak Build Rating 19 | 9 9 19 19 Average Rating 11 | 5 8 12 17 On Entrance 8 | . 9 9 17 Avg Prop Armor Cover (%) . | . . . . Naked Turns . | . . . . Heaviest Build 28 | 15 15 28 27 Greatest Support 20 | 20 20 20 20 Greatest Overweight (x) 8 | . . 8 2 Average Overweight (x) . | . . 1 1 Largest Inventory Capacity 8 | 8 8 8 8 Average Capacity 7 | 7 8 8 8 Most Carried 8 | 6 7 8 8 Average Carried 6 | 3 5 6 7 Final Capacity 8 | 8 8 8 8 Final Carried 8 | 3 6 8 8 Class Distribution -------------------- 100% | Mutant Dominant Class ---------------- Mutant | -10/Materials Mutant | -9/Materials Mutant | -9/Mines Resources | -11 -10 -9 -9 ----------- Run | Yrd Mat Mat Min Matter Collected 367 | 195 25 83 64 Remotely . | . . . . Salvage Created 283 | 23 44 189 27 Parts 32 | 2 2 25 3 Haulers Intercepted . | . . . . Recyclers Shooed . | . . . . Parts Field Recycled . | . . . . Retrieved Matter . | . . . . Parts Self-Destructed . | . . . . Prevented . | . . . . Parts Restored . | . . . . Kills | -11 -10 -9 -9 ------- Run | Yrd Mat Mat Min Combat Hostiles Destroyed 21 | . 3 8 10 Guns 3 | . . 2 1 Cannons 7 | . . . 7 AOE 11 | . 3 6 2 Classes Destroyed 6 | 1 1 3 1 Worker 1 | . . 1 . Tunneler 2 | 1 . 1 . Swarmer 10 | . 3 4 3 Grunt 3 | . . 3 . Sentry 1 | . . 1 . Assembled 7 | . . . 7 Best Kill Streak 5 | 1 3 5 4 Combat Bots Only 4 | . 3 4 4 Max Kills in Single Turn 3 | 1 3 3 3 Gunslinging . | . . . . Exploded 3 | . 3 3 2 Melee . | . . . . Uniques/NPCs Destroyed . | . . . . Combat | -11 -10 -9 -9 -------- Run | Yrd Mat Mat Min Hostile Shots Fired 96 | . 8 41 47 Missed 29 | . 2 11 16 Hits 67 | . 6 30 31 Melee 6 | . . . 6 Projectile 61 | . 6 30 25 Damage Taken 1157 | . 96 605 456 Core 372 | . 44 180 148 Absorbed by Shields . | . . . . Redirected to Shielding 35 | . . . 35 Regen/Repaired (Parts) 5 | . 5 . . Core Remaining (%) 91 | 100 82 . . Volleys Fired 36 | 4 4 14 14 Largest 2 | 2 2 2 2 Hottest 67 | 60 60 63 67 Shots Fired 71 | 8 8 28 27 Gun 52 | 8 8 24 12 Cannon 14 | . . . 14 Launcher 5 | . . 4 1 Special . | . . . . Kinetic 48 | 4 4 14 26 Thermal . | . . . . Explosive 5 | . . 4 1 Electromagnetic 18 | 4 4 10 . Robot Hit Streak 9 | 2 4 9 8 Robot Miss Streak 5 | 1 3 4 5 Penetration Max . | . . . . Secondary Targets . | . . . . Shots Hit Robots 39 | 4 4 15 16 Core Hits 40 | 1 3 14 22 Critical Kills . | . . . . Critical Parts Destroyed . | . . . . Critical Strikes . | . . . . Melee Attacks . | . . . . Impact . | . . . . Slashing . | . . . . Piercing . | . . . . Sneak Attacks . | . . . . Combat Hostiles . | . . . . Follow-up Attacks . | . . . . Damage Inflicted 1150 | 51 148 555 396 Guns 294 | 51 44 154 45 Cannons 217 | . . . 217 Explosions 639 | . 104 401 134 Melee . | . . . . Ramming . | . . . . Kinetic 396 | 36 21 77 262 Thermal 201 | . 104 97 . Explosive 438 | . . 304 134 Electromagnetic 115 | 15 23 77 . Impact . | . . . . Slashing . | . . . . Piercing . | . . . . Highest Corruption 8 | . . 8 8 Average Corruption 8 | . . 8 8 Corruption Purged . | . . . . Corruption Blocked . | . . . . Effects 9 | . . 4 5 Message Errors 4 | . . 1 3 Matter Fused 1 | . . 1 . Heat Flow Errors 1 | . . 1 . Energy Discharges 1 | . . . 1 Data Loss (minor) 1 | . . . 1 Data Loss (major) 1 | . . 1 . Overload Shots . | . . . . Overflow Damage 43 | . . 18 25 Projectiles 5 | . . . 5 Explosions 38 | . . 18 20 Melee . | . . . . Knockbacks 5 | . . . 5 Impact . | . . . . Kinetic 4 | . . . 4 Secondary 1 | . . . 1 Self-Inflicted Damage 89 | . 38 23 28 Shots 3 | . 1 1 1 Rammed . | . . . . Targets Rammed . | . . . . Kicked . | . . . . Crushed . | . . . . Highest Temperature 202 | . 12 202 20 Average Temperature 34 | . 12 38 16 Received Heat Transfer 267 | . 15 132 120 Siege Activations . | . . . . Martial Activations . | . . . . Shielding Activations . | . . . . Robots Disrupted . | . . . . Combat Hostiles . | . . . . Robots Corrupted . | . . . . Combat Hostiles . | . . . . Parts Fried 1 | . . 1 . Impact Corruptions . | . . . . Robots Melted . | . . . . Combat Hostiles . | . . . . Parts Melted . | . . . . Heat Transferred 200 | . 50 150 . Parts Sabotaged . | . . . . Parts Stolen . | . . . . Parts Stripped . | . . . . Power Chain Reactions 2 | . 1 1 . Alert | -11 -10 -9 -9 ------- Run | Yrd Mat Mat Min Maximum Alert Level . | . . . . Low Security (%) 100 | 100 100 100 100 Level 1 . | . . . . Level 2 . | . . . . Level 3 . | . . . . Level 4 . | . . . . Level 5 . | . . . . High Security . | . . . . Max Security . | . . . . Peak Influence 133 | 5 87 133 91 Initial 31 | . . 24 31 Average 34 | . 15 58 39 Influence Increases 395 | 5 90 223 77 Destroy 0b10 Robot/C 280 | . 60 160 60 Destroy 0b10 Robot/NC 15 | 5 . 10 . Destroy Leader 50 | . 10 30 10 Successful Hack 3 | . 3 . . Disable Machine 15 | . 15 . . Destroy Structure 32 | . 2 23 7 Influence Decreases 393 | 5 33 197 158 Entered New Map 85 | . . 33 52 Time Decay 253 | 5 33 124 91 Lost Part 55 | . . 40 15 Squads Dispatched 1 | . . 1 . Investigation 1 | . . 1 . Extermination . | . . . . Reinforcement . | . . . . Assault . | . . . . Garrison . | . . . . Intercept . | . . . . Searches Triggered . | . . . . Construction Impeded . | . . . . Haulers Reinforced . | . . . . Active Scanning Responses . | . . . . Cargo Convoy Interrupts . | . . . . Stealth | -11 -10 -9 -9 --------- Run | Yrd Mat Mat Min Distress Signals 1 | . 1 . . Communications Jammed . | . . . . Distress Signals . | . . . . Times Spotted 32 | . 8 8 16 Peak Tracking Total 10 | . 5 5 10 Tactical Retreats 2 | . . . 2 Traps | -11 -10 -9 -9 ------- Run | Yrd Mat Mat Min Traps Triggered 1 | . . 1 . Indirectly . | . . . . Trap Hack Attempts . | . . . . Triggered . | . . . . Disarmed . | . . . . Reprogrammed . | . . . . Reused . | . . . . Traps Extracted . | . . . . Installed . | . . . . Triggered . | . . . . Machines | -11 -10 -9 -9 ---------- Run | Yrd Mat Mat Min Machines Disabled 1 | . 1 . . Max in Single Turn 1 | . 1 . . Machines Repaired . | . . . . Machines Dismantled . | . . . . Machines Sabotaged . | . . . . Overloaded Fab Kills . | . . . . Hacking | -11 -10 -9 -9 --------- Run | Yrd Mat Mat Min Machines Accessed 1 | . 1 . . Terminals . | . . . . Fabricators . | . . . . Repair Stations 1 | . 1 . . Recycling Units . | . . . . Scanalyzers . | . . . . Garrison Access . | . . . . Total Hacks 3 | . 3 . . Successful 2 | . 2 . . Failed 1 | . 1 . . Catastrophic . | . . . . Database Lockouts . | . . . . Manual . | . . . . Terminals . | . . . . Fabricators . | . . . . Repair Stations 3 | . 3 . . Recycling Units . | . . . . Scanalyzers . | . . . . Garrison Access . | . . . . Terminal Hacks . | . . . . Fabricator Hacks . | . . . . Repair Station Hacks 2 | . 2 . . Scan Component 1 | . 1 . . Repair 1 | . 1 . . Recycling Unit Hacks . | . . . . Scanalyzer . | . . . . Garrison Access Hacks . | . . . . Unauthorized Hacks . | . . . . Terminals . | . . . . Fabricators . | . . . . Repair Stations . | . . . . Recycling Units . | . . . . Scanalyzers . | . . . . Garrison Access . | . . . . Data Cores Recovered . | . . . . Used . | . . . . Hacking Detections 1 | . 1 . . Full Trace Events . | . . . . Feedback Events . | . . . . Feedback Blocked . | . . . . Robot Schematics Acquired . | . . . . Robots Built . | . . . . Authchips . | . . . . Time . | . . . . Total Robot Build Rating . | . . . . Part Schematics Acquired . | . . . . Parts Built . | . . . . Authchips . | . . . . Time . | . . . . Total Part Build Rating . | . . . . Part Studies Acquired . | . . . . Parts Repaired 1 | . 1 . . Time 38 | . 38 . . Parts Recycled . | . . . . Recycled Matter . | . . . . Retrieved Matter . | . . . . Retrieved Components . | . . . . Parts Scanalyzed . | . . . . Part Schematics Acquired . | . . . . Parts Damaged . | . . . . Bothacking | -11 -10 -9 -9 ------------ Run | Yrd Mat Mat Min Used RIF Installer . | . . . . Robots Hacked . | . . . . Non-combat . | . . . . Combat . | . . . . Robot Hacks Applied . | . . . . Relay Couplers Released . | . . . . Fabnet Peak Effective % . | . . . . Robots Rewired . | . . . . Allies Hacked . | . . . . Hacks Repelled . | . . . . Allies | -11 -10 -9 -9 -------- Run | Yrd Mat Mat Min Total Allies . | . . . . Largest Group . | . . . . Highest-Rated Group . | . . . . Highest-Rated Ally . | . . . . Total Orders . | . . . . Ally Attacks . | . . . . Total Damage . | . . . . Kills . | . . . . Allies Corrupted . | . . . . Allies Melted . | . . . . Intel | -11 -10 -9 -9 ------- Run | Yrd Mat Mat Min Active Infowar (turns) 587 | 30 237 320 . Terrain 587 | 30 237 320 . Robot Analysis Total . | . . . . Derelict Logs Recovered . | . . . . Drone Launches . | . . . . Drone Recoveries . | . . . . Exploration | -11 -10 -9 -9 ------------- Run | Yrd Mat Mat Min Turns Passed 947 | 117 285 328 217 Spaces Moved 424 | 68 169 126 61 Core 12 | 5 . 7 . Treads 32 | . . . 32 Legs 378 | 63 169 119 27 Wheels 2 | . . . 2 Hover . | . . . . Flight . | . . . . Fastest Speed 50 | 50 120 190 110 Average Speed 164 | 114 120 210 244 Slowest Speed 450 | 120 120 450 260 Overloaded Moves . | . . . . Propulsion Burnouts . | . . . . Robots Hopped . | . . . . Potential Cave-ins . | . . . . Cave-ins Triggered 1 | . . 1 . Exploration Rate (%) 15 | 4 33 13 12 Regions Visited 3 Branch Regions 1 Pre-discovered Areas . | . . . . Known Exits Taken . | . . . . Unknown Exits Taken 3 | 1 1 1 . Scrap Searched . | . . . . Spaces Dug . | . . . . Terrain Destroyed 38 | . 1 30 7 Melee . | . . . . Projectile . | . . . . AOE 38 | . 1 30 7 Terrain Rammed . | . . . . Walls Destroyed . | . . . . Machines Disabled . | . . . . Actions | -11 -10 -9 -9 --------- Run | Yrd Mat Mat Min Total 603 | 99 243 160 101 Wait 92 | 11 64 . 17 Move 421 | 67 168 125 61 Hop . | . . . . Pick Up 23 | 10 5 8 . Fast Attach 2 | . . 1 1 Attach 15 | 7 1 5 2 Detach 2 | . . . 2 Swap 8 | . . 5 3 Drop 4 | . 1 2 1 Fire 36 | 4 4 14 14 Melee . | . . . . Ram . | . . . . Kick . | . . . . Crush . | . . . . Escape Stasis . | . . . . Rewire . | . . . . Trap . | . . . . Miscellaneous . | . . . . Route ------- -11/Scrapyard -10/Materials -9/Materials -9/Mines History --------- Turn | Location | Event 23 | -11/Scrapyard | Discovered new exit (range 14) 118 | -11/Scrapyard | Entered Materials 249 | -10/Materials | Repaired Imp. Terrain Scanner 318 | -10/Materials | Build established: Mutant 391 | -10/Materials | Discovered new exit (range 12) 403 | -10/Materials | Entered another Materials area 403 | -9/Materials | Evolved 2 slots: Utility x2 548 | -9/Materials | Discovered new exit (range 8) 554 | -9/Materials | Crushed by falling debris 731 | -9/Materials | Entered Mines 732 | -9/Mines | Assembled infested the area 895 | -9/Mines | Core integrity fell below 50% 948 | -9/Mines | Core integrity fell below 20% 948 | -9/Mines | Self-destructed Last Messages --------------- as-55431 sneak attacks. T-07 Excavator system corrupted by crushing effect. K-01 Serf collects debris. T-07 Excavator system terminally corrupted. K-01 Serf collects debris. System corrupted: Component data lost. Acquired 19 matter. K-01 Serf collects debris. as-62139 sneak attacks. K-01 Serf destroyed. as-55431 destroyed. as-89458 knocked back. [Achievement: Bumper Bots] as-87600 knocked back. as-00578 destroyed. Destroyed Asb. Hover Unit. Grenade Launcher destroyed. Destroyed Grenade Launcher. as-62139 destroyed. as-89458 destroyed. Map ----- +----------------------------------------------------+ | ?????????????????????????????????????????????????? | | ?????????????????????????????????????????????????? | | ?????????????????????????????????????????????????? | | ?????????????????????????????????????????????????? | | ?????????????????????????????????????????????????? | | ?????????????????????????????????????????????????? | | ?????????????????????????????????????????????????? | | ?????????????????????????????????????????????????? | | ?????????????????????????????????????????????????? | | ?????????????????????????????????????????????????? | | ?????????????????????????????????????????????????? | | ?????????????????????????????????????????????????? | | ?????????????????????????????????????????????????? | | ?????????????????????????????????????????????????? | | ?????????????????????????????????????????????????? | | ?????????????????????????????????????????????????? | | ?????????????????????????????????????????????????? | | ???????????????????????????????? ?????????????? | | ??????????????????????????????? ?????????????? | | ??????????????????????????????? #?????????????? | | ??????????????????????????????? #?????????????? | | ?????????????????????????????? % #?????????????? | | ????????????????????#####????? #?????????????? | | ???????????????????## ####?# ???????????????? | | ??????????????????## # #? #????????????????? | | ?????????# ######## *@ ## #?????????????????? | | ???????# a = ! %%% #?????????????????? | | ??????]! a a a %==! #?????????????????? | | ??????%*% ######### a ##?????????????????? | | ????????????????????## != ##??????????????????? | | ?????????????????????#### ##???????????????????? | | ????????????????########## ##???????????????????? | | ????????????????# =#???????????????????? | | ????????????????# """ #???????????????????? | | ????????????????# """ [ #???????????????????? | | ????????????????# """ #???????????????????? | | ????????????????# [ #???????????????????? | | ????????????????### #########???????????????????? | | ??????????????????# #???????????????????????????? | | ??????????????????# #???????????????????????????? | | ??????????????????# #???????????????????????????? | | ?????????????????## ##??????????????????????????? | | ?????????????????# #??????????????????????????? | | ?????????????????# #??????????????????????????? | | ????????????????## #??????????????????????????? | | ????????????????# #??????????????????????????? | | ????????????????## ##??????????????????????????? | | ?????????????????####????????????????????????????? | | ?????????????????????????????????????????????????? | | ?????????????????????????????????????????????????? | +----------------------------------------------------+ Best States ------------- Heat Dissipation 28 Energy Generation 14 Energy Capacity 515 Matter Stores 242 Matter Capacity 500 Sight Range 16 Terrain Scan Range 16 Terrain Scan Density 10 Propulsion Shielding 66 Evasion (%) 55 Targeting Accuracy 8 Recoil Reduction 1 Item Schematics ----------------- None Robot Schematics ------------------ None Fabricated ------------ Nothing Repaired ---------- Imp. Terrain Scanner | 77% | -10/Materials Studied --------- None Alien Tech Used ----------------- None Achievements -------------- Bumper Bots Challenges ------------ None Game ------ Seed ExpertCoolingMegashotty Manual? 0 Play Time 00:12:35 Cumulative 6.1 hours Start 2025.11.02 @ 11:40:34 End 2025.11.02 @ 11:50:52 Sessions 1 Manual Loads 0 Difficulty Rogue Special Mode None Game No. 21 Rogue 21 Adventurer 0 Explorer 0 Win Type - Total 0 Types 0/0/0/0/0/0/0/0/0/0 Lore% 8 Gallery% 11 Achievement% 12 Wizard Run 0 Options --------- Layout 2 ASCII 0 Keyboard 0 Movement Numpad Keybinds 0 Fullscreen 1 Font 28/Proggy Map View 150x48 Zoom Use 0% Tactical HUD 0 Map Filters NONE Filters NONE Steam 1 RUN: ab5e9b2e-3928-4e0c-af71-e493041cf444